 Dungeon Crawl Stone Soup version 0.19.0-20-gbc5f0c6 (webtiles) character file.

3 smedtjen the Sneak (level 1, -1/9 HPs)
             Began as a Vine Stalker Enchanter on Nov 17, 2016.
             Slain by a kobold (2 damage)
             ... on level 1 of the Dungeon.
             The game lasted 00:02:52 (584 turns).

smedtjen the Sneak (Vine Stalker Enchanter)          Turns: 584, Time: 00:02:52

Health: -1/9       AC:  3    Str: 10    XL:     1   Next: 50%
Magic:  0/4        EV: 12    Int: 15    God:
Gold:   23         SH:  0    Dex: 14    Spells: 1 memorised, 3 levels left

rFire  . . .     SeeInvis .     a - +1 dagger
rCold  . . .     Gourm    .     b - +1 robe
rNeg   . . .     Faith    .     (no shield)
rPois  .         Spirit   +     (no helmet)
rElec  .         Reflect  .     (no cloak)
rCorr  .         Harm     .     (no gloves)
MR     .....                    (no boots)
Stlth  ++........               (no amulet)
                                (no ring)
                                (no ring)

@: no status effects
A: fangs 2, magic shield, antimagic bite, no device heal 3, rot immunity
a: no special abilities


You were on level 1 of the Dungeon.
You were not hungry.

You visited 1 branch of the dungeon, and saw 1 of its levels.

You collected 23 gold pieces.

Inventory:

Hand Weapons
 a - a +1 dagger (weapon)
Armour
 b - a +1 robe (worn)
Potions
 e - 2 potions of brilliance {unknown}
 h - a potion of haste {unknown}
Books
 c - a book of Maledictions

   Spells                             Type                      Level
   a - Corona                         Hexes                        1
   b - Ensorcelled Hibernation        Hexes/Ice                    2
   c - Confuse                        Hexes                        3
   d - Tukima's Dance                 Hexes                        3
   e - Dazzling Spray                 Conjuration/Hexes            3
Comestibles
 d - a bread ration
 f - a meat ration
 g - 2 chunks of flesh


   Skills:
 + Level 0.8 Short Blades
 + Level 1.5 Dodging
 + Level 3.7 Stealth
 + Level 2.3 Spellcasting
 + Level 3.1 Hexes


You had 3 spell levels left.
You knew the following spells:

 Your Spells              Type           Power        Failure   Level  Hunger
a - Corona                Hex            ##.....      8%          1    #......


Dungeon Overview and Level Annotations

Branches:
Dungeon (1/15)

Altars:


Innate Abilities, Weirdness & Mutations

You have extremely sharp teeth.
When hurt, damage is shared between your health and your magic reserves.
Your bite disrupts and absorbs the magic of your enemies.
Potions and wands cannot restore your health.
You are immune to rotting.


Message History

The kobold barely misses you. The goblin hits you but does no damage.
You open the door. The kobold hits you.
There is an open door here.
The goblin hits you but does no damage.
The frilled lizard unfolds its giant frill.
The goblin hits you with a club.
The kobold stops glowing.
The kobold hits you.
* * * LOW HITPOINT WARNING * * *
The frilled lizard barely misses you.
You open the door. The goblin barely misses you.
The frilled lizard bites you but does no damage.
There is an open door here.
Casting: Corona
Confirm with . or Enter, or press ? or * to list all spells.
You don't have enough magic to cast that spell.
Unknown command.
The kobold misses you. The kobold hits you.
You die...

...# #....... ... ..#
#....... #.## ..####...
... ... ......... .. #.#
#......# #.##.#
###......#####....#
#............##.#.#
#...# #...gK@...#
###...# #...l#.#..#
......#####....#.#.>##
.........l#....#.##..#
..........'...##.###.#
..........##..##.###'###
....#.........##.#p#.#V#
....#.....###.##.###.###
....#.....# #.##.#n#.#h#


You could see a goblin, a kobold and a frilled lizard.

Vanquished Creatures
  3 bats (D:1)
3 creatures vanquished.

Notes
Turn   | Place    | Note
-------+----------+-------------------------------------------
     0 | D:1      | smedtjen the Vine Stalker Enchanter began the quest for the Orb.
     0 | D:1      | Reached XP level 1. HP: 9/9 MP: 4/4
     2 | D:1      | Noticed a gargoyle
     2 | D:1      | Noticed a centaur
     4 | D:1      | Noticed a demonspawn
     4 | D:1      | Noticed a tengu
    10 | D:1      | Noticed a spriggan
    12 | D:1      | Noticed a draconian
    12 | D:1      | Noticed an octopode
    14 | D:1      | Noticed a naga
    14 | D:1      | Noticed a merfolk
    16 | D:1      | Noticed a human
    16 | D:1      | Noticed a demigod
    36 | D:1      | Noticed a formicid
    36 | D:1      | Noticed a dwarf
    40 | D:1      | Noticed a minotaur
    42 | D:1      | Noticed an elf
    42 | D:1      | Noticed a vine stalker
    45 | D:1      | Noticed a troll
    45 | D:1      | Noticed an ogre
    47 | D:1      | Noticed a ghoul
    47 | D:1      | Noticed a felid
    49 | D:1      | Noticed a halfling
    49 | D:1      | Noticed a vampire
   584 | D:1      | Slain by a kobold

Action                   || total
-------------------------++-------
Melee: Dagger            ||     9
       Bite              ||     3
 Cast: Corona            ||    18
Armor: Robe              ||    21
Dodge: Dodged            ||    32
